 Dungeon Crawl Stone Soup version 0.20.1-1-g8b1a95d66d (webtiles) character file.

2516 Ivernyr the Archer (level 9, -3/75 HPs)
             Began as a Centaur Hunter on Jan 1, 2018.
             Killed from afar by an orc wizard (9 damage)
             ... with a magic dart
             ... on level 6 of the Dungeon.
             The game lasted 00:19:29 (7931 turns).

Ivernyr the Archer (Centaur Hunter)                 Turns: 7931, Time: 00:19:30

Health: -3/75      AC:  5    Str: 16    XL:     9   Next: 29%
Magic:  9/9        EV: 12    Int: 13    God:
Gold:   335        SH:  0    Dex: 18    Spells: 8/8 levels left

rFire    . . .     SeeInvis .     - Unarmed
rCold    . . .     Gourm    +   (no shield)
rNeg     . . .     Faith    .   c - +0 leather armour
rPois    .         Spirit   .   D - +0 helmet
rElec    .         Reflect  .   (no cloak)
rCorr    .         Harm     .   (no gloves)
MR       .....                  (no barding)
Stlth    +.........             B - amulet of the gourmand
Regen    0.3/turn               h - +3 ring of intelligence
MPRegen  0.2/turn               n - +6 ring of dexterity

@: very quick
A: hooves 3, deformed body, speed 2, mutation resistance 1, tough skin 3
a: no special abilities


You were on level 6 of the Dungeon.
You were not hungry.

You visited 1 branch of the dungeon, and saw 6 of its levels.

You collected 335 gold pieces.

Inventory:

Hand Weapons
 a - a +1 shortbow
Missiles
 d - 118 arrows
Armour
 c - a +0 leather armour (worn)
 D - a +0 helmet (worn)
 I - a +0 pair of gloves
Jewellery
 h - a +3 ring of intelligence (left hand)
 n - a +6 ring of dexterity (right hand)
 B - an amulet of the gourmand (around neck)
Wands
 w - a wand of lightning (7/15)
 A - a wand of confusion (20/48)
 G - a wand of random effects (14/48)
Scrolls
 e - 2 scrolls of recharging {unknown}
 i - 2 scrolls of amnesia {unknown}
 j - 5 scrolls of remove curse
 k - 4 scrolls of identify {unknown}
 l - 2 scrolls of blinking {unknown}
 s - a scroll of magic mapping {unknown}
 t - 2 scrolls of teleportation {unknown}
 v - 3 scrolls of fear {unknown}
 x - 3 scrolls of enchant armour {unknown}
 y - a scroll of enchant weapon {unknown}
 C - a scroll of noise {unknown}
Potions
 g - 5 potions of lignification {unknown}
 m - 2 potions of heal wounds {unknown}
 o - 2 potions of mutation {unknown}
 p - 3 potions of curing
 q - a potion of flight {unknown}
 u - 2 potions of invisibility {unknown}
 E - 2 potions of ambrosia {unknown}
 F - a potion of brilliance {unknown}
 H - a potion of experience {unknown}
Comestibles
 b - 3 royal jellies
 f - 5 bread rations
 r - 3 fruits
 z - a meat ration


   Skills:
 + Level 6.0 Fighting
 * Level 11.3 Bows
 + Level 4.4 Dodging
 - Level 0.4 Stealth
 + Level 5.5 Unarmed Combat


You had 8 spell levels left.
You didn't know any spells.

Dungeon Overview and Level Annotations

Branches:
Dungeon (6/15)
 Temple: D:4-7

Altars:
Fedhas
Nemelex Xobeh
Ru
Zin
The Shining One

Shops:
D:6 }


Innate Abilities, Weirdness & Mutations

You have hooves in place of feet.
Armour fits poorly on your strangely shaped body.
You cover ground very quickly.
You have extremely tough skin. (AC +3)
You are somewhat resistant to further mutation.


Message History

The gnoll barely misses you.
You barely miss something. Your kick misses something.
Something hits you but does no damage. Something hits you.
The gnoll hits you from afar with a halberd!
* * * LOW HITPOINT WARNING * * *
You hit something. Something hits you.
* * * LOW HITPOINT WARNING * * *
You hit something. Your kick misses something. Something barely misses you.
The gnoll hits you from afar with a halberd!
* * * LOW HITPOINT WARNING * * *
You closely miss something. Something hits you but does no damage.
The gnoll hits you from afar with a halberd.
* * * LOW HITPOINT WARNING * * *
You hear some strange, mumbled words.
A puff of flame appears from out of thin air!
The puff of flame hits you!
* * * LOW HITPOINT WARNING * * *
A magic dart appears from out of thin air!
The magic dart hits you!
You die...

##.######...# #.# #.....
..#....>.#)## #.# #.####
.##.#####.#.# #.# #.##≈≈
#.#####.#g# #.# ##.≈≈≈
#.#....#..# #.######≈≈≈≈≈
#.#.###.###### #..#≈≈≈≈≈≈ #
##.#.....{....#.##.#.≈≈≈≈≈≈
#.#...####............#≈≈≈≈≈≈
###......###..@##.#....≈≈≈≈≈#≈≈
...............##.# ##≈≈≈..≈≈.
.###.....####..##.####..≈≈:....
≈≈≈≈≈...#...#..##.##...#≈≈.≈#≈.
#≈###≈####......).....##≈≈≈≈.≈#≈
#≈#∩#≈# #......##.#####.≈≈≈#≈≈#
#≈#'#≈# ##.##..##.#####..≈≈≈≈≈≈
#≈≈.≈≈# #...............≈#≈≈≈≈
#...#######.....####.....##≈≈≈≈≈


There were no monsters in sight!

Vanquished Creatures
  A two-headed ogre (D:5)
  Edmund (D:6)
  An orc warrior (D:6)
  A sky beast (D:5)
  An ice beast (D:6)
  3 ogres
  2 phantoms
  A centaur (D:5)
  A bullfrog (D:6)
  A scorpion (D:6)
  3 wights (D:2)
  2 electric eels (D:6)
  A howler monkey (D:4)
  2 crimson imps (D:5)
  3 orc priests (D:6)
  3 orc wizards (D:6)
  A bullfrog skeleton (D:5)
  A gnoll shaman (D:6)
  A centaur skeleton (D:4)
  2 iguanas
  4 worker ants
  A worker ant zombie (D:5)
  3 gnolls (D:6)
  5 adders
  An ooze (D:6)
  An adder skeleton (D:4)
  2 worms
  4 dart slugs
  3 leopard geckos
  8 orcs
  2 ball pythons
  4 giant cockroaches
  2 hobgoblins
  5 jackals
  5 bats
  2 frilled lizards
  9 goblins
  3 kobolds (D:1)
  5 rats
101 creatures vanquished.

Notes
Turn   | Place    | Note
-------+----------+-------------------------------------------
     0 | D:1      | Ivernyr the Centaur Hunter began the quest for the Orb.
     0 | D:1      | Reached XP level 1. HP: 17/17 MP: 1/1
   180 | D:1      | Reached XP level 2. HP: 6/24 MP: 2/2
   980 | D:1      | Reached skill level 6 in Bows
  1269 | D:2      | Reached XP level 3. HP: 19/30 MP: 3/3
  1406 | D:2      | Reached skill level 1 in Unarmed Combat
  1671 | D:2      | Found a sparkling altar of Nemelex Xobeh.
  1671 | D:2      | Found a sacrificial altar of Ru.
  1942 | D:2      | Found a faded altar of an unknown god.
  2015 | D:2      | Reached XP level 4. HP: 37/37 MP: 4/4
  2211 | D:2      | Reached skill level 7 in Bows
  2211 | D:2      | Reached XP level 5. HP: 44/45 MP: 5/5
  2512 | D:3      | Found a blossoming altar of Fedhas.
  3116 | D:4      | Noticed a phantom
  3160 | D:4      | Killed a phantom
  3160 | D:4      | Reached XP level 6. HP: 31/51 MP: 6/6
  3345 | D:4      | Found a glowing golden altar of the Shining One.
  3895 | D:4      | Found a glowing silver altar of Zin.
  4003 | D:4      | Reached skill level 8 in Bows
  4113 | D:5      | Entered Level 5 of the Dungeon
  4161 | D:5      | Noticed a sky beast
  4208 | D:5      | Killed a sky beast
  4208 | D:5      | Reached XP level 7. HP: 9/58 MP: 7/7
  4221 | D:5      | Gained mutation: You are somewhat resistant to further mutation. [mutagenic meat]
  4227 | D:5      | Noticed a two-headed ogre
  4282 | D:5      | Killed a two-headed ogre
  4282 | D:5      | Reached skill level 9 in Bows
  4282 | D:5      | Reached XP level 8. HP: 23/67 MP: 8/8
  4875 | D:5      | Reached skill level 10 in Bows
  4948 | D:5      | Reached skill level 5 in Fighting
  6054 | D:6      | Noticed Edmund
  6168 | D:6      | Killed Edmund
  6194 | D:6      | Reached skill level 5 in Unarmed Combat
  6571 | D:6      | Reached XP level 9. HP: 34/74 MP: 9/9
  6829 | D:6      | Reached skill level 11 in Bows
  7446 | D:6      | Found Zyn Jira's Gadget Shoppe.
  7931 | D:6      | Killed from afar by an orc wizard

Skill      XL: |  1  2  3  4  5  6  7  8  9 |
---------------+----------------------------+-----
Bows           | 6 7 8 9 10 11 | 11.3
Unarmed Combat | 1 2 3 4 5 |  5.5
Fighting       | 3 4 5 6 |  6.0
Dodging        | 2 3 4 |  4.4
Stealth        | |  0.4

Action                   |  1- 3 |  4- 6 |  7- 9 || total
-------------------------+-------+-------+-------++-------
Melee: Unarmed           |   123 |    69 |   175 ||   367
       Kick              |    34 |    20 |    74 ||   128
       Shortbow          |       |     2 |       ||     2
       Punch             |       |       |     4 ||     4
 Fire: Shortbow          |    14 |    91 |    94 ||   199
  Use: Scroll            |       |       |     1 ||     1
  Eat: Chunk             |     2 |     6 |    11 ||    19
Armor: Leather armour    |    42 |    23 |    38 ||   103
Dodge: Dodged            |    63 |    44 |    79 ||   186
